 Seeded DCSS version 0.28-a0-1236-gb25a51b929 (webtiles) character file.

Game seed: 10643706488536244051 (custom seed)

93 a11behringer the Slasher (level 4, 0/35 HPs)
             Began as a Formicid Fighter on Dec 25, 2021.
             Slain by a killer bee zombie (3 damage)
             ... on level 5 of the Dungeon.
             The game lasted 00:05:26 (2068 turns).

a11behringer the Slasher (Formicid Fighter)         Turns: 2068, Time: 00:05:27

Health: 0/35       AC:  9    Str: 22    XL:     4   Next: 92%
Magic:  4/4        EV:  7    Int:  8    God:
Gold:   135        SH:  4    Dex: 10    Spells: 3/3 levels left

rFire   . . .      SeeInvis +   a - +0 long sword
rCold   . . .      Faith    .   c - +0 buckler
rNeg    . . .      Spirit   .   f - +0 chain mail
rPois   .          Reflect  .   (helmet unavailable)
rElec   .          Harm     .   (no cloak)
rCorr   .          Rampage  .   (no gloves)
Will    .....                   (no boots)
Stlth   ..........              (no amulet)
HPRegen 0.11/turn               (no ring)
MPRegen 0.09/turn               (no ring)

@: mighty
A: permanent stasis, dig shafts and tunnels, antennae 3, four strong arms
a: Dig, Shaft Self


You were on level 5 of the Dungeon.
You visited 1 branch of the dungeon, and saw 5 of its levels.

You collected 135 gold pieces.

Inventory:

Hand Weapons
 a - a +0 long sword (weapon)
 k - a +2 short sword of electrocution
Armour
 b - a +0 scale mail
 c - a +0 buckler (worn)
 f - a +0 chain mail (worn)
Magical Staves
 l - a staff of conjuration
Jewellery
 g - an amulet of guardian spirit
 j - an amulet of magic regeneration
Scrolls
 e - 5 scrolls of teleportation
Potions
 h - a potion of flight {unknown}
 i - a potion of lignification {unknown}


   Skills:
 + Level 3.5 Fighting
 * Level 4.1 Long Blades
 + Level 3.7 Armour
 + Level 3.8 Shields


You had 3 spell levels left.
You didn't know any spells.
Your spell library was empty.

Dungeon Overview and Level Annotations

Branches:
Dungeon (6/15)
 Temple: D:4-7

Altars:

Shops:
D:2 (   D:5 [


Innate Abilities, Weirdness & Mutations

You cannot be hasted, slowed, berserked, paralysed or teleported.
You can dig through walls and to a lower floor.
You have a pair of large antennae on your head. (SInv)
Your four strong arms can wield two-handed weapons with a shield.


Message History

The killer bee zombie hits you but does no damage.
The hound stops to sniff the ground.
The hound barely misses you.
You feel very mighty all of a sudden.
The killer bee zombie barely misses you.
The hound bites you but does no damage.
The killer bee zombie hits you but does no damage.
The hound bites you but does no damage.
You slash the ogre!
The ogre is heavily wounded.
The killer bee zombie hits you. The hound closely misses you.
The hound bites you but does no damage.
The killer bee zombie barely misses you.
The howler monkey hoots and howls with incredible vigour!
The hound barely misses you. You block the ogre's attack.
You slash the ogre!
The ogre is severely wounded.
The killer bee zombie hits you but does no damage.
The hound bites you but does no damage. The hound bites you.
The killer bee zombie hits you but does no damage.
The hound bites you but does no damage. The hound bites you.
You block the howler monkey's attack. The ogre barely misses you.
The killer bee zombie hits you but does no damage.
You barely miss the ogre.
The ogre is severely wounded.
The hound bites you but does no damage. x2
The killer bee zombie barely misses you.
The howler monkey hits you. You block the hound's attack. The hound bites you.
The killer bee zombie hits you but does no damage.
The ogre hits you with a +0 giant club!
* * * LOW HITPOINT WARNING * * *
You slash the ogre!
You kill the ogre!
The hound bites you but does no damage.
The killer bee zombie barely misses you.
The hound bites you.
* * * LOW HITPOINT WARNING * * *
The howler monkey barely misses you. The hound barely misses you.
The killer bee zombie hits you.
You die...

# #######.#
{##....... +
#....8.#
#...#..hh..###.
......h@.......
#...#.Z).....##
# #8...∩.).8#
###.......#
#....<..#
###......
8..... ##....


You could see a howler monkey, 2 hounds and a killer bee zombie.

Vanquished Creatures
  An ogre (D:5)
  An orc wizard (D:3)
  An adder (D:2)
  3 worms (D:2)
  A dart slug (D:2)
  2 orcs (D:3)
  5 endoplasms
  8 goblins
  3 hobgoblins
  2 quokkas
  6 ball pythons
  5 bats
  A frilled lizard (D:2)
  2 kobolds
  7 rats (D:2)
48 creatures vanquished.

Notes
Turn   | Place    | Note
-------+----------+-------------------------------------------
     0 | D:1      | a11behringer the Formicid Fighter began the quest for the
                  | Orb.
     0 | D:1      | Reached XP level 1. HP: 18/18 MP: 1/1
   237 | D:1      | Found a faded altar of an unknown god.
   389 | D:1      | Reached XP level 2. HP: 23/24 MP: 2/2
   917 | D:2      | Reached XP level 3. HP: 29/29 MP: 3/3
   967 | D:2      | Reached skill level 3 in Long Blades
  1043 | D:2      | Found Reog's Weapon Boutique.
  1183 | D:2      | Reached XP level 4. HP: 21/35 MP: 4/4
  1737 | D:3      | Reached skill level 4 in Long Blades
  2038 | D:3      | You fall into a shaft and drop 3 floors!
  2038 | D:6      | Noticed a water moccasin
  2048 | D:6      | Noticed an orc warrior
  2062 | D:5      | Entered Level 5 of the Dungeon
  2062 | D:5      | Noticed an ogre
  2062 | D:5      | Found Venun Lout's Armour Shoppe.
  2068 | D:5      | Killed an ogre
  2068 | D:5      | Slain by a killer bee zombie

Illustrated notes

Levels and vault maps discovered:
D:1:      dpeg_arrival_tiny_d, layout_loops_ring,
          ebering_ecumenical_altar_abandoned, hex_large,
          chequers_serial_rivers_room_a
D:2:      cheibrodos_helix_gallery, layout_rooms, serial_shops, shop
D:3:      layout_loops_ring
D:5:      minmay_evil_eye, layout_basic, serial_shops, nicolae_stop_n_shop_1,
          kennysheep_little_box, nicolae_square_shop, minmay_curled_crystal,
          minivault_11, hangedman_decor_riveting, grunt_ministairs_15,
          minivault_19
D:6:      layout_rooms, grunt_ministairs_9, st_stairs_2,
          nicolae_underground_beach

Skill      XL: |  1  2  3  4 |
---------------+-------------+-----
Long Blades    | 3 4 |  4.1
Fighting       | |  3.5
Armour         | |  3.7
Shields        | |  3.8

Action                   |  1- 3 |  4- 6 || total
-------------------------+-------+-------++-------
Melee: Long sword        |    94 |    63 ||   157
 Abil: Dig               |     1 |     1 ||     2
  Use: Scroll            |     2 |     1 ||     3
       Potion            |       |     1 ||     1
Armor: Chain mail        |    54 |    51 ||   105
       Scale mail        |     3 |       ||     3
Dodge: Dodged            |    33 |    36 ||    69
Block: Buckler           |    19 |    13 ||    32

Table legend: (Time is in decaauts)
 A = Elapsed time spent in this place.
 B = Non-inter-level travel time spent in this place.
 C = Inter-level travel time spent in this place.
 D = Time resting spent in this place.
 E = Time spent auto-exploring this place.
 F = Levels seen in this place.
 G = Mean time per level.
                   A        B        C        D        E       F      G
               +--------+--------+--------+--------+--------+-----+--------+
         Total |   2110 |   2069 |     41 |      0 |   1657 |   5 |  422.0 |
       Dungeon |   2110 |   2069 |     41 |      0 |   1657 |   5 |  422.0 |
               +--------+--------+--------+--------+--------+-----+--------+

Top non-repeatable levels by time:
     D:1: 867 daAuts
     D:2: 843 daAuts
     D:3: 369 daAuts
     D:6: 23 daAuts
     D:5: 6 daAuts
